 Dungeon Crawl Stone Soup version 0.30-a0-757-ga6a79fd877 (webtiles) character file.

Game seed: 11557022906354092166

193 sircluck the Chopper (level 5, -7/47 HPs)
             Began as a Hill Orc Fighter on Feb 9, 2023.
             Mangled by an ogre
             ... wielding a +0 giant club
              (16 damage)
             ... on level 4 of the Dungeon.
             The game lasted 00:04:35 (3095 turns).

sircluck the Chopper (Hill Orc Fighter)             Turns: 3095, Time: 00:04:36

Health: -7/47      AC: 13    Str: 21    XL:     5   Next: 72%
Magic:  5/5        EV:  7    Int:  8    God:
Gold:   128        SH:  4    Dex: 10    Spells: 4/4 levels left

rFire   . . .      SeeInvis .    a - +0 war axe
rCold   . . .      Faith    .    c - +0 buckler
rNeg    . . .      Spirit   .    i - +0 chain mail
rPois   .          Reflect  .    (no helmet)
rElec   .          Harm     .    v - +0 cloak
rCorr   .          Rampage  .    (no gloves)
Will    .....                    m - +1 pair of boots Stlth
                                 (no amulet)
HPRegen 0.27/turn                (no ring)
MPRegen 0.09/turn                (no ring)

@: no status effects
A: no striking features
a: no special abilities


You were on level 4 of the Dungeon.
You visited 1 branch of the dungeon, and saw 4 of its levels.

You collected 128 gold pieces.

Inventory:

Hand Weapons
 a - a +0 war axe (weapon)
Missiles
 h - 27 stones (quivered)
 n - 9 poisoned darts
Armour
 b - a +0 scale mail
 c - a +0 buckler (worn)
 i - a +0 chain mail (worn)
 m - a +1 pair of boots (worn)
 v - a +0 cloak (worn)
Magical Staves
 w - a staff of earth
Jewellery
 z - a ring of willpower
Wands
 y - a wand of flame (25)
Scrolls
 e - a scroll of enchant armour {unknown}
 g - a scroll of identify {unknown}
 k - 2 scrolls of noise
 l - a scroll of teleportation {unknown}
 r - 2 scrolls of poison {unknown}
 s - 2 scrolls of immolation {unknown}
 A - a scroll of brand weapon {unknown}
Potions
 d - 5 potions of might
 f - 2 potions of haste {unknown}
 j - a potion of flight {unknown}
 o - 2 potions of heal wounds {unknown}
 p - a potion of lignification {unknown}
 q - a potion of degeneration {unknown}
 t - a potion of attraction {unknown}
 u - a potion of ambrosia {unknown}
 x - 3 potions of mutation {unknown}


   Skills:
 + Level 4.5 Fighting
 + Level 5.1 Axes
 + Level 4.5 Armour
 + Level 0.1 Dodging
 + Level 0.7 Stealth
 + Level 3.8 Shields


You had 4 spell levels left.
You didn't know any spells.
Your spell library contained the following spells:

 Spells                   Type           Power      Damage    Failure   Level
 Scorch                   Fire           0%         2d5       100%        2
 Flame Wave               Conj/Fire      0%         2d4       100%        4
 Summon Cactus Giant      Summ           0%         N/A       100%        6


Dungeon Overview and Level Annotations

Branches:
Dungeon (4/15)
 Temple: D:4-7

Altars:

Shops:
D:4 *


Message History

The hound barks!
The dart slug launches a dart at you.
The slug dart hits you but does no damage.
The hound bites you.
* * * LOW HITPOINT WARNING * * *
The hound attacks as you move away! The hound bites you but does no damage.
The dart slug launches a dart at you.
The slug dart hits you but does no damage.
The hound attacks as you move away! You block the hound's attack. x2
The hound bites you.
* * * LOW HITPOINT WARNING * * *
The hound attacks as you move away! The hound bites you but does no damage.
The hound attacks as you move away! The hound barely misses you.
Found 9 gold pieces.
The hound bites you but does no damage. The hound attacks as you move away!
You block the hound's attack. The hound bites you but does no damage.
The hound bites you but does no damage. The hound attacks as you move away!
You block the hound's attack. The hound bites you.
* * * LOW HITPOINT WARNING * * *
The hound attacks as you move away! The hound bites you but does no damage.
The hound bites you.
* * * LOW HITPOINT WARNING * * *
You hit the hound.
The hound is moderately wounded.
The hound bites you but does no damage. x2
The hound attacks as you move away! The hound bites you but does no damage.
You block the hound's attack.
You slash the hound!
The hound is almost dead.
The hound bites you.
* * * LOW HITPOINT WARNING * * *
The hound bites you but does no damage. The ogre attacks as you move away!
The ogre closely misses you. The hound attacks as you move away!
The hound bites you but does no damage. You block the hound's attack.
You slash the hound!
You kill the hound!
The ogre hits you with a +0 giant club!
You die...

......##..##
...........#
###.....)## #.....##
..#......###
...........#
.....##.....####
##... #........#
#..####...O@..#
##........##..#
..#####...#.....#.##
.#........#.....###
...#.#.#......###
...#.#.##....##
.##.......####
.###.##.....# .#
#.###.O..##


You could see an ogre.

Vanquished Creatures
  A bullfrog (D:3)
  2 hounds (D:4)
  Ijyb (D:4)
  An adder (D:4)
  3 dart slugs
  6 ball pythons
  2 bats
  6 endoplasms
  3 giant cockroaches
  6 hobgoblins
  4 jackals (D:1)
  5 quokkas
  4 goblins
  5 kobolds
  3 rats
52 creatures vanquished.

Notes
Turn   | Place    | Note
-------+----------+-------------------------------------------
     0 | D:1      | sircluck the Hill Orc Fighter began the quest for the Orb.
     0 | D:1      | Reached XP level 1. HP: 19/19 MP: 1/1
    91 | D:1      | Reached XP level 2. HP: 24/27 MP: 2/2
   474 | D:1      | Reached skill level 3 in Axes
   569 | D:1      | Reached XP level 3. HP: 33/33 MP: 3/3
  2314 | D:3      | Noticed a bullfrog
  2630 | D:3      | Killed a bullfrog
  2631 | D:3      | Reached skill level 4 in Axes
  2631 | D:3      | Reached XP level 4. HP: 41/41 MP: 4/4
  2631 | D:3      | Reached XP level 5. HP: 47/47 MP: 5/5
  2799 | D:4      | Found Rudeshow's General Store.
  2872 | D:4      | Noticed Ijyb
  2918 | D:4      | Killed Ijyb
  3050 | D:4      | Reached skill level 5 in Axes
  3058 | D:4      | Noticed an ogre
  3095 | D:4      | Mangled by an ogre

Illustrated notes

Levels and vault maps discovered:
D:1:      erik_arrival_cave_to_civilisation [erik_arrival_cave_to_hall],
          layout_loops_ring, nrook_campfire,
          nicolae_concentric_dashed_squares_wild, minmay_misc_feat_iff
D:2:      layout_loops_ring
D:3:      layout_rooms, hangedman_decor_push
D:4:      layout_cave_pools, gammafunk_temple_overflow_elements, serial_shops,
          shop, uniq_ijyb

Skill      XL: |  1  2  3  4  5 |
---------------+----------------+-----
Axes           | 3 4 5 |  5.1
Fighting       | 4 |  4.5
Armour         | 4 |  4.5
Dodging        | |  0.1
Stealth        | |  0.7
Shields        | |  3.8

Action                     |  1- 3 |  4- 6 || total
---------------------------+-------+-------++-------
  Melee: War axe           |   103 |    61 ||   164
    Use: Scroll            |     1 |       ||     1
 Armour: Scale mail        |     4 |       ||     4
         Chain mail        |    56 |    55 ||   111
  Dodge: Dodged            |    36 |    32 ||    68
  Block: Buckler           |    24 |    14 ||    38

Table legend: (Time is in decaauts)
 A = Elapsed time spent in this place.
 B = Non-inter-level travel time spent in this place.
 C = Inter-level travel time spent in this place.
 D = Time resting spent in this place.
 E = Time spent auto-exploring this place.
 F = Levels seen in this place.
 G = Mean time per level.
                   A        B        C        D        E       F      G
               +--------+--------+--------+--------+--------+-----+--------+
         Total |   3155 |   2299 |    856 |      0 |   1771 |   4 |  788.8 |
       Dungeon |   3155 |   2299 |    856 |      0 |   1771 |   4 |  788.8 |
               +--------+--------+--------+--------+--------+-----+--------+

Top non-repeatable levels by time:
     D:1: 1550 daAuts
     D:2: 831 daAuts
     D:3: 530 daAuts
     D:4: 243 daAuts
